Map: Graystone Ravine

Players

Valera

  • Race: Zerg Zerg
  • Spawn Location: 9:00

MULLAN

  • Race: Zerg Zerg
  • Spawn Location: 11:00

Abiotic - Winner!

  • Race: Protoss Protoss
  • League: Gold
  • Spawn Location: 5:00

Gracz - Winner!

  • Race: Terran Terran
  • Spawn Location: 3:00

VOD

Have the link to the VOD?

Description

Time

  • Played on: April 30, 2016, noon
  • Length: 11:40
Show
View Real Time Build Order
Export as new Build Order

Valera Zerg 

Build Orders: Pool First 

Get SALT Encoding   

  12  0:05  Drone  
  13  0:10  Drone  
  14  0:20  Overlord  
  14  0:29  Overlord  
  14  0:39  Drone  
  14  0:42  Drone  
  16  0:54  Spawning Pool  
  16  0:55  Drone  
  16  1:00  Drone  
  17  1:12  Extractor  
  17  1:15  Extractor  
  15  1:19  Evolution Chamber  
  15  1:21  Drone  
  15  1:24  Drone  
  16  1:43  Zergling x4  
  18  2:10  Zergling x4  
  20  2:20  Drone  
  21  2:32  Hatchery  
  20  3:03  Drone x3  
  23  3:06  Zerg Melee Weapons Level 1  
  23  3:16  Drone  
  24  3:28  Drone  
  25  3:36  Drone  
  26  3:42  Metabolic Boost  
  26  3:45  Queen  
  26  3:46  Queen  
  30  3:51  Drone  
  31  4:01  Drone x3  
  34  4:07  Zergling x2  
  34  4:09  Zergling x2  
  36  5:00  Zerg Missile Weapons Level 1  
  36  5:02  Overlord x2  
  36  5:03  Overlord x4  
  36  5:20  Queen x2  
  40  5:36  Drone x5  
  45  5:51  Extractor  
  45  5:55  Extractor  
  45  5:56  Burrow  
  43  6:10  Lair  
  36  6:54  Zerg Ground Armor Level 1  
  27  7:33  Drone  
  27  7:34  Drone x5  
  33  7:59  Drone x4  
  37  8:21  Drone x4  
  41  8:46  Zergling x8  
  45  8:48  Zerg Melee Weapons Level 2  
  45  8:57  Drone  
  45  8:58  Drone  
  44  9:43  Zergling x8  
  44  9:44  Zergling x4  
  40  9:58  Zergling x4  
  12  10:21  Zergling x2  
  12  10:22  Zergling x6  
  7  10:32  Zergling x2  
  6  10:43  Zergling x2  
  7  11:02  Baneling Nest  
  7  11:04  Zergling x4  
  8  11:13  Zergling x2  
Show
View Real Time Build Order
Export as new Build Order

MULLAN Zerg 

Build Orders: Pool First 

Get SALT Encoding   

  12  0:21  Spawning Pool  
  12  0:26  Extractor  
  10  0:30  Drone x2  
  12  0:41  Overlord  
  12  0:56  Drone x2  
  14  1:22  Hatchery  
  13  1:29  Zergling x2  
  14  1:38  Drone x2  
  16  1:48  Metabolic Boost  
  16  2:15  Overlord  
  16  2:19  Queen  
  16  2:22  Zergling x4  
  21  2:30  Zergling x2  
  21  2:49  Zergling x2  
  22  2:52  Zergling x2  
  23  3:10  Drone x2  
  25  3:14  Overlord  
  26  3:34  Zergling x8  
  26  3:35  Zergling x4  
  26  3:39  Zergling x4  
  33  3:41  Queen  
  35  4:01  Baneling Nest  
  34  4:03  Drone  
  34  4:04  Drone x2  
  34  4:06  Zergling x4  
  39  4:15  Roach Warren  
  38  4:17  Zergling x2  
  38  4:24  Overlord  
  39  4:27  Zergling x2  
  40  4:40  Extractor  
  40  4:44  Zergling x2  
  40  4:45  Zergling x4  
  42  4:56  Roach x3  
  42  4:57  Roach x2  
  42  4:59  Overlord  
  52  5:12  Overlord x2  
  52  5:42  Zergling x4  
  54  5:43  Zergling x8  
  54  5:49  Baneling x8  
  58  5:56  Drone x3  
  61  6:01  Drone  
  62  6:05  Drone  
  63  6:11  Drone  
  64  6:19  Drone x2  
  64  6:23  Drone  
  65  6:53  Baneling x8  
  41  7:37  Zergling x12  
  41  7:40  Zergling x6  
  41  7:41  Zergling x2  
  40  8:02  Baneling  
  40  8:03  Baneling x15  
  40  8:04  Baneling x4  
  40  8:07  Drone x2  
  40  8:10  Drone x2  
  40  8:11  Drone x3  
  47  8:17  Extractor  
  46  8:22  Extractor  
  46  8:23  Roach  
  46  8:24  Roach x3  
  44  8:57  Queen  
  44  9:02  Spore Crawler  
  45  9:07  Drone x6  
  51  9:29  Spore Crawler  
  50  9:31  Spore Crawler  
Show
View Real Time Build Order
Export as new Build Order

Abiotic Protoss - Winner!

Build Orders:  

Get SALT Encoding   

  12  0:01  Probe (Chrono Boost)  
  13  0:12  Probe (Chrono Boost)  
  14  0:22  Probe (Chrono Boost)  
  14  0:23  Pylon  
  15  0:41  Probe (Chrono Boost)  
  16  0:43  Gateway  
  16  0:45  Assimilator  
  16  0:52  Probe (Chrono Boost)  
  17  1:02  Probe (Chrono Boost)  
  18  1:14  Pylon  
  18  1:19  Pylon  
  18  1:25  Probe (Chrono Boost)  
  19  1:30  Gateway  
  19  1:36  Probe (Chrono Boost)  
  20  1:46  Cybernetics Core  
  20  1:52  Zealot  
  23  1:54  Probe (Chrono Boost)  
  23  1:55  Pylon  
  23  2:04  Probe (Chrono Boost)  
  23  2:06  Assimilator  
  24  2:15  Probe (Chrono Boost)  
  25  2:19  Pylon  
  25  2:23  Warp Gate (Chrono Boost)  
  25  2:26  Mothership Core (Chrono Boost)  
  27  2:30  Adept  
  29  2:49  Adept  
  31  3:02  Nexus  
  31  3:10  Adept  
  33  3:23  Robotics Facility  
  33  3:30  Pylon  
  33  3:35  Adept  
  35  3:43  Probe  
  36  3:52  Twilight Council  
  36  4:05  Pylon  
  36  4:10  Observer  
  36  4:16  Gateway  
  37  4:18  Gateway  
  39  4:24  Probe  
  39  4:26  Probe  
  39  4:37  Sentry  
  41  4:45  Forge  
  41  4:47  Adept  
  41  4:48  Resonating Glaives (Chrono Boost)  
  43  4:54  Warp Prism  
  45  5:07  Probe x2  
  45  5:13  Adept  
  49  5:18  Protoss Ground Weapons Level 1 (Chrono Boost)  
  49  5:19  Probe  
  50  5:27  Gateway  
  50  5:38  Adept x2  
  54  5:45  Probe x2  
  54  5:49  Pylon  
  56  5:57  Probe  
  56  5:59  Sentry  
  59  6:13  Adept  
  59  6:14  Adept x2  
  65  6:18  Pylon  
  65  6:22  Adept  
  67  6:37  Probe x2  
  69  6:44  Templar Archives  
  69  6:49  Probe x2  
  71  7:18  Adept x2  
  71  7:19  Adept x3  
  61  7:32  Immortal  
  61  7:33  Protoss Ground Weapons Level 2 (Chrono Boost)  
  55  7:41  Probe x2  
  49  7:53  Probe x2  
  51  8:01  Sentry  
  51  8:05  Assimilator, Probe x2  
  55  8:08  Assimilator  
  55  8:17  Adept x2, Probe x2  
  61  8:29  Probe x2  
  63  8:41  Probe x2  
  65  8:53  Probe x2  
  65  9:00  Gateway  
  65  9:01  High Templar  
  65  9:02  High Templar  
  69  9:05  Probe x2  
  69  9:06  Nexus  
  71  9:10  Pylon  
  71  9:13  Adept  
  73  9:17  Probe  
  73  9:18  Probe, Archon  
  75  9:29  Probe  
  75  9:30  Probe  
  77  9:31  High Templar x2  
  81  9:42  Probe x2  
  83  10:08  Probe x2  
  85  10:20  Probe x2, Psionic Storm  
  87  10:24  Gateway, Archon  
  87  10:26  Gateway  
  87  10:27  Adept x5  
  97  10:29  Pylon  
  97  10:30  Pylon  
  97  10:31  Probe  
  97  10:32  Probe x2  
  100  10:39  Assimilator  
  100  10:40  Assimilator  
  100  10:44  Probe  
  100  10:45  Probe  
Show
View Real Time Build Order
Export as new Build Order

Gracz Terran - Winner!

Build Orders:  

Get SALT Encoding   

  12  0:02  SCV  
  13  0:14  SCV  
  14  0:24  Supply Depot  
  14  0:56  Barracks  
  14  1:06  Supply Depot  
  14  1:59  Orbital Command  
  14  2:02  Refinery  
  14  2:06  Refinery  
  14  2:26  Barracks  
  14  2:28  SCV  
  15  2:40  SCV  
  16  2:47  Marine  
  17  2:52  SCV  
  18  3:12  Barracks Reactor  
  18  3:17  SCV  
  19  3:29  SCV  
  20  3:40  Barracks Reactor  
  20  3:44  Barracks  
  20  3:48  Reaper x2  
  22  4:07  SCV  
  23  4:18  Barracks  
  23  4:20  SCV  
  24  4:32  Factory  
  24  4:34  Barracks Reactor  
  24  4:38  Factory  
  24  4:39  Factory  
  24  4:40  Reaper  
  25  4:59  Command Center  
  26  5:52  Reaper x2  
  26  5:53  Barracks Reactor  
  26  5:57  Reaper x4  
  30  6:09  SCV  
  31  6:13  Orbital Command  
  31  6:14  Refinery  
  31  6:15  Refinery  
  31  6:21  SCV  
  31  6:23  Factory Tech Lab x2  
  31  6:24  Factory Tech Lab, Reaper  
  33  6:33  SCV  
  34  6:55  Reaper x3  
  34  6:56  Reaper x3  
  34  7:00  SCV  
  41  7:12  SCV  
  32  7:24  SCV  
  33  7:36  SCV  
  34  7:52  Reaper  
  34  7:53  Reaper x7  
  34  7:56  Hellion  
  34  7:57  Hellion  
  46  8:07  Supply Depot  
  46  8:10  Hellion  
  48  8:18  Hellion x2  
  52  8:24  Reaper  
  52  8:25  Reaper x2  
  55  8:31  Reaper x2  
  55  8:32  Hellion, Reaper x3  
  62  8:39  Hellion x2  
  66  8:53  Hellion  
  68  8:56  Reaper  
  68  8:57  Reaper  
  70  9:09  Hellion x2, Supply Depot  
  74  9:14  Hellion  
  74  9:15  Supply Depot  
  68  11:03  Reaper  
  62  11:04  Reaper x6  
  62  11:05  Reaper  
  62  11:09  Hellion x3  
Tags
 
Add a new tag
Caveats
  • Supply blocks, unpowered buildings, or Contaminate may cause inaccurate times.
  • Supply counts are checked every 10 seconds.